 Dungeon Crawl Stone Soup version 0.20.1-1-g8b1a95d (webtiles) character file.

430 Folque the Conjurer (level 6, -1/39 HPs)
             Began as a Tengu Conjurer on Nov 2, 2017.
             Killed from afar by an orc wizard (3 damage)
             ... with a puff of flame
             ... on level 4 of the Dungeon.
             The game lasted 00:11:19 (1930 turns).

Folque the Conjurer (Tengu Conjurer)                Turns: 1930, Time: 00:11:20

Health: -1/39      AC:  6    Str:  8    XL:     6   Next: 99%
Magic:  4/13       EV: 12    Int: 18    God:
Gold:   218        SH:  0    Dex: 14    Spells: 2/13 levels left

rFire    + . .     SeeInvis .   w - +2 trident (pierce)
rCold    . . .     Gourm    .   (no shield)
rNeg     . . .     Faith    .   a - +0 robe
rPois    .         Spirit   .   (helmet restricted)
rElec    .         Reflect  .   z - +0 cloak
rCorr    .         Harm     .   (no gloves)
MR       .....                  (boots unavailable)
Stlth    ++........             (no amulet)
Regen    0.2/turn               k - +3 ring of protection
MPRegen  0.2/turn               A - ring of protection from fire

@: no status effects
A: beak, talons 3, able to fly 1
a: Fly


You were on level 4 of the Dungeon.
You were not hungry.

You visited 1 branch of the dungeon, and saw 4 of its levels.

You collected 218 gold pieces.

Inventory:

Hand Weapons
 e - a +0 dagger
 p - a +0 short sword
 t - a +0 trident
 u - a +3 dagger of draining
 w - a +2 trident of piercing (weapon)
 y - a +4 quarterstaff of chaos
Armour
 a - a +0 robe (worn)
 r - the +0 leather armour of Siarin {rElec rC+ MR+ Dex-4}
   (You found it on level 4 of the Dungeon)

   It affects your dexterity (-4).
   It protects you from cold.
   It insulates you from electricity.
   It affects your resistance to hostile enchantments.
 z - a +0 cloak (worn)
Jewellery
 k - a +3 ring of protection (left hand)
 A - a ring of protection from fire (right hand)
Scrolls
 f - 8 scrolls of identify {unknown}
 m - a scroll of recharging {unknown}
 o - 2 scrolls of remove curse
 v - a scroll of teleportation {unknown}
 B - 2 scrolls of fog {unknown}
 C - a scroll of fear {unknown}
 F - a scroll of enchant weapon {unknown}
 G - a scroll of blinking {unknown}
Potions
 d - 2 potions of lignification
 g - 2 potions of curing {unknown}
 j - a potion of degeneration {unknown}
 l - a potion of mutation {unknown}
 n - a potion of haste {unknown}
 q - a potion of might
 s - a potion of invisibility {unknown}
 x - a potion of agility
 E - a potion of cancellation {unknown}
Books
 b - a book of Conjurations

   Spells                             Type                      Level
   a - Magic Dart                     Conjuration                  1
   b - Searing Ray                    Conjuration                  2
   c - Dazzling Spray                 Conjuration/Hexes            3
   d - Fulminant Prism                Conjuration/Hexes            4
   e - Force Lance                    Conjuration/Translocation    4
   f - Iskenderun's Mystic Blast      Conjuration                  4
 D - a book of Minor Magic

   Spells                             Type                      Level
   a - Magic Dart                     Conjuration                  1
   b - Blink                          Translocation                2
   c - Call Imp                       Summoning                    2
   d - Slow                           Hexes                        2
   e - Conjure Flame                  Conjuration/Fire             3
   f - Mephitic Cloud                 Conjuration/Poison/Air       3
Comestibles
 c - 2 bread rations
 h - 2 royal jellies
 i - 3 meat rations


   Skills:
 - Level 4.4 Fighting
 - Level 2.1 Dodging
 - Level 2.0 Stealth
 + Level 4.0 Spellcasting
 * Level 6.5 Conjurations
 * Level 2.0 Air Magic


You had 2 spell levels left.
You knew the following spells:

 Your Spells              Type           Power        Failure   Level  Hunger
a - Magic Dart            Conj           ####         1%          1    None
b - Searing Ray           Conj           ####..       1%          2    ##.....
c - Dazzling Spray        Conj/Hex       ###...       12%         3    ###....
d - Call Imp              Summ           #.......     22%         2    ##.....
e - Mephitic Cloud        Conj/Pois/Air  ##......     14%         3    ###....


Dungeon Overview and Level Annotations

Branches:
Dungeon (4/15)
 Temple: D:4-7

Altars:
Uskayaw


Innate Abilities, Weirdness & Mutations

You have a beak for a mouth.
You have claws for feet.
You can fly.


Message History

The orc wizard is moderately wounded.
The orc wizard points at you and mumbles some strange words.
The magic dart hits you!
The searing ray hits the orc wizard.
You kill the orc wizard!
Your Air Magic skill increases to level 2!
You finish channeling your searing ray.
A puff of flame appears from out of thin air!
The puff of flame misses you.
A puff of frost appears from out of thin air!
The puff of frost hits you!
A puff of frost appears from out of thin air!
The puff of frost hits you!
* * * LOW HITPOINT WARNING * * *
A puff of flame appears from out of thin air!
The puff of flame misses you.
There is a stone staircase leading up here.
A puff of flame appears from out of thin air!
The puff of flame hits you! You resist.
You die...

....)....)......#..# #......#
......)..########..# #......#
.........# #..###+###......#
.........########..........#....#
.........{.[.......##.#.........#
...................##...###......
...................##...# .....#
...................##...# ....##
.............)..@..###..# .....#
.........#####'#.### ##># .....#
.........# #.#.# ... ...#
.........#####.#.#
.................##.
.....................
....................#
....###############... .... ##


There were no monsters in sight!

Vanquished Creatures
  The ghost of mmigdal the Charlatan, an amateur SpAr (D:3)
  A bullfrog (D:3)
  2 orc priests (D:4)
  2 orc wizards (D:4)
  Crazy Yiuf (D:2)
  2 adders
  An ooze (D:2)
  A worm (D:2)
  2 dart slugs (D:3)
  3 leopard geckos
  An orc (D:3)
  4 bats
  3 giant cockroaches
  3 goblins
  5 hobgoblins
  3 jackals (D:2)
  6 kobolds
  A quokka (D:2)
  3 frilled lizards
  7 rats
52 creatures vanquished.

Notes
Turn   | Place    | Note
-------+----------+-------------------------------------------
     0 | D:1      | Folque the Tengu Conjurer began the quest for the Orb.
     0 | D:1      | Reached XP level 1. HP: 10/10 MP: 4/4
    71 | D:1      | Reached skill level 1 in Fighting
   325 | D:1      | Reached XP level 2. HP: 16/16 MP: 6/6
   540 | D:1      | Learned a level 2 spell: Searing Ray
   608 | D:2      | Reached XP level 3. HP: 21/21 MP: 0/7
   680 | D:2      | Learned a level 3 spell: Dazzling Spray
   779 | D:2      | Found a runed door.
   794 | D:2      | Noticed Crazy Yiuf
   799 | D:2      | Killed Crazy Yiuf
   799 | D:2      | Reached XP level 4. HP: 27/27 MP: 3/9
   851 | D:2      | Found a hide-covered altar of Uskayaw.
   854 | D:2      | Noticed a dagger
   854 | D:2      | Noticed a hand axe
  1100 | D:3      | Noticed mmigdal's ghost (amateur SpAr)
  1119 | D:3      | Learned a level 2 spell: Call Imp
  1138 | D:3      | Killed mmigdal's ghost
  1138 | D:3      | Gained mutation: You can fly. [Tengu growth]
  1138 | D:3      | Reached XP level 5. HP: 33/34 MP: 5/11
  1138 | D:3      | Reached XP level 6. HP: 37/39 MP: 5/12
  1639 | D:3      | Reached skill level 6 in Conjurations
  1644 | D:3      | Learned a level 3 spell: Mephitic Cloud
  1675 | D:4      | Got a dazzling leather armour
  1686 | D:4      | Identified the +0 leather armour of Siarin {rElec rC+ MR+ Dex-4} (You found it on level 4 of the Dungeon)
  1910 | D:4      | Reached skill level 1 in Air Magic
  1930 | D:4      | Killed from afar by an orc wizard

Skill      XL: |  1  2  3  4  5  6 |
---------------+-------------------+-----
Fighting       | 1 2 4 |  4.4
Spellcasting   | 3 4 |  4.0
Conjurations   | 6 |  6.5
Air Magic      | 2 |  2.0
Dodging        | |  2.1
Stealth        | |  2.0

Action                   |  1- 3 |  4- 6 || total
-------------------------+-------+-------++-------
Melee: Dagger            |     9 |       ||     9
       Unarmed           |     4 |       ||     4
       Peck              |     8 |     2 ||    10
       Short sword       |    22 |       ||    22
       Kick              |     8 |     3 ||    11
       Trident           |     1 |    49 ||    50
 Cast: Magic Dart        |    11 |     6 ||    17
       Searing Ray       |     5 |     3 ||     8
       Dazzling Spray    |       |     3 ||     3
  Use: Scroll            |     2 |       ||     2
       Potion            |       |     3 ||     3
 Stab: Sleeping          |     1 |     3 ||     4
       Invisible         |       |     1 ||     1
  Eat: Chunk             |       |     4 ||     4
Armor: Robe              |     8 |    13 ||    21
       Skin              |       |     3 ||     3
Dodge: Dodged            |    23 |    26 ||    49
